 Dungeon Crawl Stone Soup version 0.30-a0-1018-g25214051b3 (webtiles) character file.

Game seed: 15129584690034807943

65 Pooter the Chopper (level 3, -4/33 HPs)
             Began as a Minotaur Monk on Apr 8, 2023.
             Slain by Jessica
             ... wielding a +0 dagger
              (6 damage)
             ... on level 2 of the Dungeon.
             The game lasted 00:05:37 (1597 turns).

Pooter the Chopper (Minotaur Monk)                  Turns: 1597, Time: 00:05:37

Health: -4/33      AC:  2    Str: 17    XL:     3   Next: 92%
Magic:  2/2        EV: 12    Int:  7    God:
Gold:   120        SH:  0    Dex: 12    Spells: 2/2 levels left

rFire   . . .      SeeInvis .    a - +0 hand axe
rCold   + . .      Faith    .    (no shield)
rNeg    . . .      Spirit   .    g - +0 robe
rPois   .          Reflect  .    (helmet restricted)
rElec   .          Rampage  .    (no cloak)
rCorr   .                        (no gloves)
Will    .....                    (no boots)
Stlth   ++                       (no amulet)
HPRegen 0.25/turn                I - ring of protection from cold
MPRegen 0.08/turn                (no ring)

@: slowed, very slow
A: horns 2, retaliatory headbutt
a: no special abilities


You were on level 2 of the Dungeon.
You visited 1 branch of the dungeon, and saw 2 of its levels.

You collected 120 gold pieces.

Inventory:

Hand Weapons
 a - a +0 hand axe (weapon)
 b - a +0 sling
   (You found it on level 1 of the Dungeon)
Missiles
 i - 4 atropa-tipped darts
 Q - 14 stones (quivered)
Armour
 g - a +0 robe (worn)
Jewellery
 I - a ring of protection from cold (left hand)
   (You found it on level 2 of the Dungeon)
Scrolls
 f - a scroll of vulnerability {!r}
 m - a scroll of poison {unknown}
 n - a scroll of enchant armour {unknown}
 o - a scroll of amnesia {unknown}
 t - 2 scrolls of teleportation {@r4}
Potions
 c - a potion of ambrosia
 d - a potion of curing {unknown}
 e - a potion of attraction {unknown}
 h - a potion of might
 j - a potion of mutation {unknown}
 k - a potion of cancellation {unknown}
 l - a potion of brilliance {unknown}


   Skills:
 + Level 4.2 Fighting
 * Level 4.4 Axes
 * Level 1.9 Ranged Weapons
 - Level 3.2 Dodging
 + Level 2.1 Stealth


You had 2 spell levels left.
You didn't know any spells.
Your spell library contained the following spells:

 Spells                   Type           Power      Damage    Failure   Level
 Summon Guardian Golem    Hex/Summ       0%         N/A       80%         3
 Orb of Destruction       Conj           0%         9d5       100%        7
 Spellforged Servitor     Conj/Summ      0%         N/A       100%        7


Dungeon Overview and Level Annotations

Branches:
Dungeon (2/15)

Altars:

Shops:
D:2 [

Annotations:
D:2 Jessica


Innate Abilities, Weirdness & Mutations

You have a pair of horns on your head.
You reflexively headbutt those who attack you in melee.


Message History

You start waiting.
Jessica is nearby!
You shoot a sling bullet.
The sling bullet closely misses Jessica.
Jessica casts a spell.
Jessica seems to speed up.
You hear an angry hiss.
You shoot a sling bullet. The sling bullet hits Jessica.
You shoot a sling bullet. The sling bullet barely misses Jessica.
A bat comes into view.
Jessica casts a spell at you. Pain shoots through your body!
An adder comes into view.
You shoot a sling bullet. The sling bullet barely misses Jessica.
Jessica points at you and mumbles some strange words.
You feel yourself slow down. The bat hits you but does no damage.
a - a +0 hand axe (weapon)
Jessica gestures at you while chanting. You resist with some effort.
The bat barely misses you. The bat closely misses you.
Jessica hits you with a +0 dagger. x2
* * * LOW HITPOINT WARNING * * *
The bat closely misses you.
You barely miss Jessica. Your headbutt misses Jessica.
You closely miss the bat. The bat barely misses you. Jessica misses you.
The adder barely misses you. You furiously retaliate!
You headbutt the adder.
Jessica gestures wildly while chanting.
Jessica blinks!
The adder closely misses you.
You closely miss the adder. You hit the bat.
You kill the bat!
The adder bites you but does no damage. The adder completely misses you.
You miss the adder. Jessica says, "Why did you come here?"
The adder bites you but does no damage. The adder barely misses you.
You closely miss the adder. You barely miss Jessica.
Jessica hits you with a +0 dagger.
* * * LOW HITPOINT WARNING * * *
The adder barely misses you. You furiously retaliate!
You headbutt the adder, but do no damage.
Jessica barely misses you. The adder closely misses you.
You furiously retaliate!
You headbutt the adder. Jessica hits you with a +0 dagger.
* * * LOW HITPOINT WARNING * * *
You barely miss the adder. You headbutt the adder.
You kill the adder!
You closely miss Jessica. Jessica hits you with a +0 dagger.
* * * LOW HITPOINT WARNING * * *
Jessica hits you with a +0 dagger.
You die...

.#
#............#...†.........
.#
#............#....#.##.....
.#
#..............####.#######
.# #............#.####.# .#
#........###...>....#
.######............#.######
...............#####.#
#######..........# #.#
#+#+######@# #.# ......†@#
#.# ........# #^# .........
..# .......## ### .......
....... .......


You could see Jessica (fast).

Vanquished Creatures
  A gnoll (D:1)
  3 adders (D:2)
  A worm (D:2)
  A dart slug (D:1)
  3 ball pythons
  3 endoplasms (D:1)
  4 goblins (D:1)
  5 hobgoblins
  2 kobolds (D:2)
  2 quokkas (D:1)
  3 bats (D:2)
  2 frilled lizards (D:1)
  A rat (D:1)
31 creatures vanquished.

Notes
Turn   | Place    | Note
-------+----------+-------------------------------------------
     0 | D:1      | Pooter the Minotaur Monk began the quest for the Orb.
     0 | D:1      | Reached XP level 1. HP: 19/19 MP: 0/0
   270 | D:1      | Reached XP level 2. HP: 27/27 MP: 1/1
   437 | D:1      | Reached skill level 1 in Ranged Weapons
   804 | D:1      | Reached XP level 3. HP: 33/33 MP: 2/2
  1108 | D:2      | Found Fayxziskufaff's Armour Boutique.
  1580 | D:2      | Noticed Jessica
  1597 | D:2      | Slain by Jessica

Illustrated notes

Levels and vault maps discovered:
D:1:      minmay_arrival_loop, layout_basic, minmay_tromino_v4_b
D:2:      layout_basic, serial_shops, nicolae_shop_trees, skrybe_limestone_x,
          kennysheep_path_1, uniq_jessica

Skill      XL: |  1  2 |
---------------+-------+-----
Axes           | 4 |  4.4
Ranged Weapons | 1 |  1.9
Stealth        | 2 |  2.1
Fighting       | 4 |  4.2
Dodging        | |  3.2

Action                     || total
---------------------------++-------
  Melee: Hand axe          ||    40
         Headbutt          ||    11
   Fire: Sling             ||    57
  Throw: Stone             ||     2
    Use: Scroll            ||     3
 Armour: Robe              ||    12
  Dodge: Dodged            ||    45

Table legend: (Time is in decaauts)
 A = Elapsed time spent in this place.
 B = Non-inter-level travel time spent in this place.
 C = Inter-level travel time spent in this place.
 D = Time resting spent in this place.
 E = Time spent auto-exploring this place.
 F = Levels seen in this place.
 G = Mean time per level.
                   A        B        C        D        E       F      G
               +--------+--------+--------+--------+--------+-----+--------+
         Total |   1615 |   1594 |     21 |     74 |   1262 |   2 |  807.5 |
       Dungeon |   1615 |   1594 |     21 |     74 |   1262 |   2 |  807.5 |
               +--------+--------+--------+--------+--------+-----+--------+

Top non-repeatable levels by time:
     D:1: 925 daAuts
     D:2: 689 daAuts
